 Dungeon Crawl Stone Soup version 0.23-a0-143-g1adec7b (webtiles) character file.

6505 galech the Cleaver (level 10, -1/79 HPs)
             Began as a Demonspawn Monk on Sept 3, 2018.
             Was an Elder of Okawaru.
             Succumbed to a black mamba's poison
             ... on level 1 of the Lair of Beasts.
             The game lasted 00:16:46 (11891 turns).

galech the Cleaver (Demonspawn Monk)               Turns: 11891, Time: 00:16:47

Health: -1/79      AC: 13    Str: 12    XL:     10   Next: 69%
Magic:  9/11       EV: 22    Int: 12    God:    Okawaru [****..]
Gold:   259        SH:  0    Dex: 18    Spells: 9/9 levels left

rFire    + + .     SeeInvis .   B - +1 broad axe (flame)
rCold    . . .     Gourm    .   (no shield)
rNeg     . . .     Faith    .   G - +1 robe {rF+}
rPois    .         Spirit   .   o - +1 helmet
rElec    .         Reflect  .   n - +2 cloak
rCorr    .         Harm     .   (no gloves)
MR       .....                  (no boots)
Stlth    +++++.....             (no amulet)
HPRegen  0.23/turn              e - ring of wizardry
MPRegen  0.12/turn              a - +4 ring of slaying

@: lethally poisoned (-1 -> -23), heroism
A: talons 2, molten scales 3, demonic guardian 1
a: Heroism, Renounce Religion


You were on level 1 of the Lair of Beasts.
You worshipped Okawaru.
Okawaru was greatly pleased with you.
You were not hungry.

You visited 3 branches of the dungeon, and saw 11 of its levels.

You collected 498 gold pieces.
You spent 239 gold pieces at shops.

Inventory:

Hand Weapons
 B - a +1 broad axe of flaming (weapon)
Armour
 n - a +2 cloak (worn)
 o - a +1 helmet (worn)
 G - a +1 robe of fire resistance (worn)
Jewellery
 a - a +4 ring of slaying (right hand)
 e - a ring of wizardry (left hand)
Wands
 t - a wand of disintegration (18)
 u - a wand of iceblast (13)
Scrolls
 b - 4 scrolls of immolation
 d - 8 scrolls of enchant armour
 f - a scroll of magic mapping
 h - 4 scrolls of teleportation
 i - a scroll of enchant weapon
 j - 11 scrolls of remove curse
 p - 2 scrolls of fog
 q - a scroll of amnesia
 v - 2 scrolls of noise {unknown}
 w - a scroll of fear
 y - 2 scrolls of blinking
 D - 3 scrolls of identify
Potions
 g - 2 potions of lignification
 k - 2 potions of berserk rage
 m - 2 potions of haste
 r - a potion of magic {unknown}
 s - a potion of mutation {unknown}
 x - a potion of brilliance {unknown}
 z - 2 potions of flight {unknown}
 A - a potion of resistance {unknown}
 C - a potion of cancellation {unknown}
Comestibles
 c - 18 rations


   Skills:
 + Level 7.2(12.2) Fighting
 + Level 11.3(16.3) Axes
 + Level 1.2(6.2) Armour
 + Level 7.0(12.0) Dodging
 + Level 5.2(10.2) Stealth
 + Level 1.3 Invocations


You had 9 spell levels left.
You didn't know any spells.
Your spell library was empty.

Dungeon Overview and Level Annotations

Branches:
Dungeon (9/15)             Temple (1/1) D:6            Lair (1/6) D:8
    Orc: D:9-12

Altars:
Ashenzari
Cheibriados
Dithmenos
Fedhas
Gozag
Kikubaaqudgha
Nemelex Xobeh
Okawaru
Ru
Trog
Uskayaw
Vehumet
Wu Jian
Xom
Zin
The Shining One

Shops:
D:4 :   D:6 *(!*   D:9 *

Annotations:
D:8 1 runed door, Kite's ghost, novice MiBe


Innate Abilities, Weirdness & Mutations

You have razor-sharp toenails.
You are completely covered in molten scales. (AC +4, rF+)
A weak demonic guardian rushes to your aid.


Message History

* * * LOW HITPOINT WARNING * * *
Unknown command.
You are too injured to fight recklessly!
Unknown command.
You are too injured to fight recklessly!
You gain the combat prowess of a mighty hero.
You can no longer speed up your combat.
Okawaru will no longer gift you equipment.
You feel sick. The black mamba bites you!
* * * LOW HITPOINT WARNING * * *
You are lethally poisoned!
The black mamba poisons you!
Your ufetubus hits the komodo dragon but does no damage. x2
The black mamba closely misses you. The komodo dragon bites you!
* * * LOW HITPOINT WARNING * * *
Your ufetubus hits the komodo dragon.
Your ufetubus completely misses the komodo dragon.
You miss the black mamba. Your kick misses the black mamba.
You slash the komodo dragon! You burn the komodo dragon.
You die...

#.. ##.######.
#.........
##.........
##P.........
#P ...........
#...#.5S......
#..@l......
##.........
#.........
##########


You could see a komodo dragon, a black mamba and a friendly ufetubus.

Vanquished Creatures
  Pikel (D:8)
  Maurice (D:8)
  A queen bee (D:8)
  2 hippogriffs (D:9)
  Sigmund (D:4)
  A wyvern (D:8)
  A hungry ghost (D:8)
  A water moccasin (D:5)
  2 black bears (D:8)
  2 orc warriors
  A slave (D:8)
  A phantom (D:4)
  An ogre (D:4)
  A necrophage (D:6)
  3 centaurs (D:8)
  A big kobold (D:9)
  5 bullfrogs
  A water moccasin skeleton (D:4)
  3 scorpions
  37 killer bees
  A howler monkey (D:4)
  A bullfrog zombie (D:5)
  A crimson imp (D:8)
  4 hounds
  9 orc priests
  A jelly (D:5)
  13 orc wizards
  3 centaur skeletons
  A bullfrog skeleton (D:7)
  Terence (D:3)
  4 iguanas
  Natasha (D:2)
  4 worker ants
  2 hound zombies
  3 hound skeletons
  3 worker ant zombies
  Robin (D:2)
  13 adders
  2 gnolls (D:5)
  2 shadow imps
  2 oozes (D:2)
  2 adder skeletons
  A worm (D:4)
  4 dart slugs (D:1)
  4 leopard geckos
  26 orcs
  7 giant cockroaches
  20 goblins
  13 hobgoblins
  13 jackals
  2 quokkas
  2 ball pythons (D:4)
  6 bats
  3 frilled lizards
  10 kobolds
  A leopard gecko skeleton (D:5)
  A leopard gecko zombie (D:5)
  12 rats
  3 plants (D:8)
269 creatures vanquished.

Vanquished Creatures (collateral kills)
  An orc warrior (D:8)
  A centaur (D:7)
  A gnoll (D:5)
  4 orcs
  A jackal (D:7)
8 creatures vanquished.

Vanquished Creatures (others)
  12 fungi
12 creatures vanquished.

Grand Total: 289 creatures vanquished

Notes
Turn   | Place    | Note
-------+----------+-------------------------------------------
     0 | D:1      | galech the Demonspawn Monk began the quest for the Orb.
     0 | D:1      | Reached XP level 1. HP: 18/18 MP: 1/1
   443 | D:1      | Gained mutation: A weak demonic guardian rushes to your
                  | aid. [demonic ancestry]
   443 | D:1      | Reached XP level 2. HP: 24/24 MP: 2/2
   682 | D:1      | Reached skill level 3 in Axes
   837 | D:1      | Reached XP level 3. HP: 12/29 MP: 3/3
  1394 | D:2      | Noticed Robin
  1875 | D:2      | Gained mutation: You are partially covered in molten
                  | scales. (AC +2) [demonic ancestry]
  1875 | D:2      | Reached XP level 4. HP: 32/35 MP: 4/4
  1926 | D:2      | Killed Robin
  2217 | D:2      | Reached skill level 1 in Armour
  2295 | D:2      | Found a snail-covered altar of Cheibriados.
  2712 | D:2      | Noticed Natasha
  2728 | D:2      | Gained mutation: You are mostly covered in molten scales.
                  | (AC +3) [demonic ancestry]
  2728 | D:2      | Reached XP level 5. HP: 28/41 MP: 5/5
  2733 | D:2      | Killed Natasha
  2733 | D:2      | Reached skill level 4 in Axes
  3940 | D:3      | Noticed Terence
  3985 | D:3      | Killed Terence
  4847 | D:4      | Gained mutation: You are completely covered in molten
                  | scales. (AC +4, rF+) [demonic ancestry]
  4847 | D:4      | Reached XP level 6. HP: 36/48 MP: 6/6
  5106 | D:4      | Noticed Sigmund
  5185 | D:4      | Reached skill level 5 in Axes
  5201 | D:4      | Killed Sigmund
  5201 | D:4      | Reached XP level 7. HP: 33/54 MP: 7/7
  5320 | D:4      | Found a blossoming altar of Fedhas.
  5383 | D:4      | Found Gesachel's Book Shoppe.
  6071 | D:5      | Entered Level 5 of the Dungeon
  6357 | D:5      | Reached skill level 6 in Axes
  6792 | D:5      | Gained mutation: You have sharp toenails. [demonic
                  | ancestry]
  6792 | D:5      | Reached XP level 8. HP: 51/61 MP: 8/8
  7069 | D:5      | Reached skill level 5 in Fighting
  7407 | D:6      | Found Feppibro's Antique Weapon Shoppe.
  7427 | D:6      | Bought a glowing broad axe for 182 gold pieces
  7445 | D:6      | Found Acrounuh's Assorted Antiques.
  7448 | D:6      | Reached skill level 7 in Axes
  7494 | D:6      | Found a staircase to the Ecumenical Temple.
  7509 | D:6      | Reached skill level 5 in Dodging
  7519 | Temple   | Entered the Ecumenical Temple
  7527 | Temple   | Became a worshipper of Warmaster Okawaru
  7527 | Temple   | Reached * piety under Okawaru
  7527 | Temple   | Reached ** piety under Okawaru
  7587 | D:6      | Found Ydureas's Distillery.
  7762 | D:6      | Found Joghu's General Store.
  7856 | D:6      | Found a bloodstained altar of Trog.
  7974 | D:7      | Reached skill level 8 in Axes
  8199 | D:7      | Found a glowing golden altar of the Shining One.
  8669 | D:7      | Gained mutation: You have razor-sharp toenails. [demonic
                  | ancestry]
  8669 | D:7      | Reached XP level 9. HP: 33/69 MP: 6/9
  9002 | D:8      | Reached skill level 9 in Axes
  9073 | D:8      | Noticed a queen bee
  9176 | D:8      | Killed a queen bee
  9247 | D:8      | Reached *** piety under Okawaru
  9247 | D:8      | Reached skill level 1 in Invocations
  9649 | D:8      | Reached skill level 10 in Axes
 10016 | D:8      | Reached XP level 10. HP: 21/77 MP: 11/11
 10020 | D:8      | Found a staircase to the Lair.
 10332 | D:8      | Noticed Maurice
 10343 | D:8      | Killed Maurice
 10343 | D:8      | Reached **** piety under Okawaru
 10446 | D:8      | Found a runed door.
 10447 | D:8      | Found a shimmering altar of Xom.
 10447 | D:8      | Noticed Kite's ghost (novice MiBe)
 10448 | D:8      | Noticed a falchion of chaos
 10561 | D:8      | Received a gift from Okawaru
 10650 | D:8      | Noticed Pikel
 10658 | D:8      | Killed Pikel
 10897 | D:9      | Found Menwi's Assorted Antiques.
 10901 | D:9      | Reached skill level 5 in Stealth
 10911 | D:9      | Bought a scroll of teleportation for 57 gold pieces
 10961 | D:9      | Reached skill level 11 in Axes
 11404 | D:9      | Reached ***** piety under Okawaru
 11885 | Lair:1   | Entered Level 1 of the Lair of Beasts
 11885 | Lair:1   | Noticed a black mamba
 11890 | Lair:1   | HP: 1/79 [komodo dragon (10)]
 11891 | Lair:1   | Succumbed to a black mamba's poison

Vault maps used:
D:1:      lightli_arrival_lavapool, serial_forest,
          infiniplex_forest_clump_diagonal, infiniplex_forest_side_room,
          infiniplex_forest_lined_2, infiniplex_forest_clump_small,
          infiniplex_forest_lined_3, minmay_split_cup_large
D:2:      cheibriados_altar_1, uniq_natasha, uniq_robin
D:3:      minmay_misc_feat_iff, uniq_terence
D:4:      fedhas_altar_3, serial_shops, shop, grunt_ministairs_11, uniq_sigmund
D:5:      first_ration
D:6:      minmay_temple_entry_mist, serial_shops, kennysheep_little_box, shop,
          shop, nicolae_shop_crystal, trog_book
D:7:      tso_metal_star
D:8:      grunt_lair_entry_orc_guard_hut, ebering_ghost_xom, david_nohive_1,
          uniq_maurice, uniq_pikel
D:9:      serial_shops, nicolae_shop_trees
Temple:   dpeg_three_leaves_temple
Lair:1:   nicolae_quartered_pool_medium, serial_bayou_ford_a,
          beast_lair_carwin_8, serial_bayou_shore_a, minmay_lair_oklob_chamber

Skill      XL: |  1  2  3  4  5  6  7  8  9 10 |
---------------+-------------------------------+-----
Stealth        | 2 3 4 5 |  5.2
Axes           | 3 4 5 6 8 10 11 | 11.3
Dodging        | 3 4 5 6 7 |  7.0
Armour         | 1 |  1.2
Fighting       | 4 5 6 7 |  7.2
Invocations    | 1 |  1.3

Action                   |  1- 3 |  4- 6 |  7- 9 | 10-12 || total
-------------------------+-------+-------+-------+-------++-------
Melee: Hand axe          |   178 |   187 |       |       ||   365
       War axe           |       |    93 |   139 |       ||   232
       Broad axe         |       |       |   167 |   125 ||   292
       Kick              |       |       |    62 |    29 ||    91
Invok: Heroism           |       |       |     1 |     1 ||     2
  Use: Potion            |     1 |       |     5 |     1 ||     7
       Scroll            |       |     6 |     6 |       ||    12
 Stab: Sleeping          |     5 |     4 |    10 |     3 ||    22
       Distracted        |       |       |     2 |     3 ||     5
  Eat: Chunk             |     3 |    11 |    13 |     6 ||    33
       Ration            |       |       |     1 |       ||     1
Armor: Robe              |    10 |       |       |    24 ||    34
       Chain mail        |    72 |    15 |       |       ||    87
       Animal skin       |       |    81 |    89 |    12 ||   182
       Skin              |       |       |    13 |       ||    13
Dodge: Dodged            |    80 |   249 |   293 |   129 ||   751

Table legend:
 A = Non-vault XP
 B = Vault XP
 C = Vault XP percentage of total XP
 D = Non-vault monster count
 E = Vault monster count
 F = Vault count percentage of total count
                 A         B        C        D         E       F
            +---------+---------+-------+---------+---------+-------
      Total |    6232 |    3061 |  32.9 |     229 |      44 |  16.1
            +---------+---------+-------+---------+---------+-------
        D:1 |      33 |      12 |  26.7 |      21 |       4 |  16.0
        D:2 |     132 |      66 |  33.3 |      30 |      13 |  30.2
        D:3 |      45 |      36 |  44.4 |      18 |       1 |   5.3
        D:4 |     624 |     215 |  25.6 |      28 |       3 |   9.7
        D:5 |     494 |       0 |   0.0 |      22 |       0 |   0.0
        D:6 |     621 |       0 |   0.0 |      19 |       0 |   0.0
        D:7 |     766 |       0 |   0.0 |      22 |       0 |   0.0
        D:8 |    1794 |    2732 |  60.4 |      33 |      23 |  41.1
        D:9 |    1723 |       0 |   0.0 |      36 |       0 |   0.0
            +---------+---------+-------+---------+---------+-------
